 Dungeon Crawl Stone Soup version 0.29.1-15-g9cfb28693d (webtiles) character file.

Game seed: 14599469022234329881

11220 PhantomBowie the Protected (level 11, -6/102 HPs)
             Began as a Minotaur Fighter on Mar 17, 2023.
             Was a High Priest of Okawaru.
             Mangled by a troll (10 damage)
             ... on level 9 of the Dungeon on Mar 19, 2023.
             The game lasted 00:46:33 (11109 turns).

PhantomBowie the Protected (Minotaur Fighter)      Turns: 11109, Time: 00:46:33

Health: -6/102     AC: 20    Str: 32    XL:     11   Next: 46%
Magic:  10/10      EV:  8    Int:  5    God:    Okawaru [*****.]
Gold:   382        SH:  6    Dex:  9    Spells: 10/10 levels left

rFire   . . .      SeeInvis .   s - +3 flail (holy)
rCold   . . .      Faith    .   c - +0 buckler
rNeg    . . .      Spirit   .   n - +0 plate armour
rPois   .          Reflect  .   (helmet restricted)
rElec   .          Harm     .   D - +0 cloak
rCorr   .          Rampage  .   (no gloves)
Will    +....                   d - +2 pair of boots
Stlth   ..........              r - amulet of the acrobat
HPRegen 0.27/turn               u - ring of willpower
MPRegen 0.12/turn               H - +6 ring of strength

@: no status effects
A: horns 2, retaliatory headbutt
a: Renounce Religion, Heroism, Finesse, Duel


You were on level 9 of the Dungeon.
You worshipped Okawaru.
Okawaru was extremely pleased with you.
You visited 2 branches of the dungeon, and saw 10 of its levels.

You collected 634 gold pieces.
You spent 252 gold pieces at shops.

Inventory:

Hand Weapons
 s - a +3 flail of holy wrath (weapon)
Missiles
 i - 2 throwing nets
 o - 21 poisoned darts (quivered)
 F - 3 atropa-tipped darts
Armour
 c - a +0 buckler (worn)
 d - a +2 pair of boots (worn)
 n - a +0 plate armour (worn)
 D - a +0 cloak (worn)
Jewellery
 r - an amulet of the acrobat (around neck)
 u - a ring of willpower (left hand)
 H - a +6 ring of strength (right hand)
Wands
 p - a wand of paralysis (4)
 v - a wand of roots (13)
 A - a wand of flame (3)
 C - a wand of digging (5)
 E - a wand of polymorph (13)
Scrolls
 a - a scroll of torment {unknown}
 b - 4 scrolls of enchant armour {unknown}
 e - 3 scrolls of amnesia
 g - 3 scrolls of teleportation {unknown}
 k - a scroll of noise {unknown}
 q - 6 scrolls of identify {unknown}
 x - 4 scrolls of fear {unknown}
 y - a scroll of enchant weapon {unknown}
 z - a scroll of poison {unknown}
Potions
 f - 8 potions of curing
 h - 4 potions of ambrosia {unknown}
 j - a potion of mutation {unknown}
 l - 2 potions of brilliance {unknown}
 m - 3 potions of attraction {unknown}
 w - 5 potions of heal wounds
 B - a potion of haste
 G - a potion of flight {unknown}


   Skills:
 + Level 11.0 Fighting
 + Level 10.8 Maces & Flails
 + Level 0.6 Throwing
 + Level 11.0 Armour
 + Level 11.0 Shields
 - Level 5.1 Evocations


You had 10 spell levels left.
You didn't know any spells.
Your spell library contained the following spells:

 Spells                   Type           Power      Damage    Failure   Level
 Freeze                   Ice            0%         1d3       98%         1
 Scorch                   Fire           0%         2d5       99%         2
 Frozen Ramparts          Ice            0%         1d1       100%        3
 Flame Wave               Conj/Fire      0%         2d4       100%        4
 Hailstorm                Conj/Ice       0%         3d3       100%        4
 Passage of Golubria      Tloc           0%         N/A       100%        4
 Yara's Violent Unravell  Hex/Tmut       0%         3d3       100%        5
 Tukima's Dance           Hex            Unusable   N/A       N/A         3
 Summon Cactus Giant      Summ           Unusable   N/A       N/A         6

Dungeon Overview and Level Annotations

Branches:
Dungeon (9/15)             Temple (1/1) D:6             Orc (0/2) D:9
   Lair: D:8-11

Altars:
Ashenzari
Cheibriados
Dithmenos
Elyvilon
Fedhas
Gozag
Hepliaklqana
Kikubaaqudgha
Makhleb
Nemelex Xobeh
Okawaru
Qazlal
Ru
Sif Muna
Trog
Uskayaw
Vehumet
Wu Jian
Xom
Yredelemnul
Zin
The Shining One

Shops:
D:4 [   D:5 !((   D:8 *

Annotations:
D:4 3 runed translucent doors, 0gre's ghost, amateur GnIE


Innate Abilities, Weirdness & Mutations

You have a pair of horns on your head.
You reflexively headbutt those who attack you in melee.


Message History

The blast of calcifying dust hits you.
Your limbs are stiffening.
Unknown command.
You sock the catoblepas!
The catoblepas is severely wounded.
The catoblepas barely misses you.
You have turned to stone.
The troll bites you but does no damage. The troll claws you.
The troll claws you but does no damage.
The catoblepas breathes a plume of calcifying dust at you.
The blast of calcifying dust hits you.
You are engulfed in calcifying dust.
The troll bites you but does no damage.
The troll claws you but does no damage. x2; The catoblepas gores you!
You are engulfed in calcifying dust.
The catoblepas gores you!! The troll bites you but does no damage.
The troll claws you. The troll claws you but does no damage.
You are engulfed in calcifying dust.
The catoblepas completely misses you. The troll bites you.
The troll claws you but does no damage. x2
You are engulfed in calcifying dust.
The catoblepas gores you but does no damage.
The troll bites you but does no damage. The troll claws you. x2
The catoblepas gores you. The troll bites you!
* * * LOW HITPOINT WARNING * * *
The troll claws you!
* * * LOW HITPOINT WARNING * * *
The troll claws you. The catoblepas gores you.
* * * LOW HITPOINT WARNING * * *
The troll bites you but does no damage.
The troll claws you but does no damage. x2
The catoblepas gores you!!
* * * LOW HITPOINT WARNING * * *
The troll bites you but does no damage.
The troll claws you but does no damage. x2
The catoblepas gores you.
* * * LOW HITPOINT WARNING * * *
The troll bites you but does no damage.
The troll claws you but does no damage. x2
You turn to flesh and can move again.
You hit the catoblepas.
The catoblepas is severely wounded.
The troll closely misses you. The troll claws you.
* * * LOW HITPOINT WARNING * * *
The troll claws you!
You die...

.# #.#........#.#########.# .#
#.#...#.#..#†#.....)##.### .#
#.#...#.#.[#.#.####.##...#
.####.#.....#..#.#.# #.####.#
...............#)#.# #.# #.#
#####..........#.#.####.####.####
................[................
##.#############T#.####.####.####
#.............Y@.......# #.#
#..........##'#...#########.#
##.......####..#...........#.#
#......###.....#.#########.#.#
#.....##.......#.#.......#.#.#
#.....#...[.#.u#...........#.#
.....##...###..#.##.####.....#
.....#...## #..#.##.# #.#.###
.....#..#####..#.##.# #.#.#


You could see a catoblepas and a troll.

Vanquished Creatures
  A centaur warrior (D:9)
  5 two-headed ogres
  Pikel (D:3)
  An ugly thing (D:9)
  A cyclops (D:7)
  Maurice (D:8)
  A troll (D:9)
  Prince Ribbit (D:6)
  A wraith (D:9)
  A basilisk (D:8)
  3 wyverns (D:9)
  Eustachio (D:4)
  2 steam dragons
  Edmund (D:4)
  2 water moccasins
  Duvessa (D:6)
  4 orc warriors (D:9)
  2 ice beasts
  4 sky beasts
  A centaur (D:9)
  A lemure (D:3)
  2 ogres
  A phantom (D:4)
  Blork the orc (D:4)
  5 bullfrogs
  3 necrophages (D:5)
  2 scorpions (D:6)
  24 wights
  Dowan (D:6)
  A killer bee (D:9)
  A howler monkey (D:9)
  3 gnoll boudas
  2 hounds
  3 orc priests
  3 jellies
  4 iguanas
  11 orc wizards
  18 gnolls
  A white imp (D:8)
  An ufetubus (D:7)
  4 dart slugs
  14 orcs
  7 ball pythons
  9 endoplasms
  3 giant cockroaches
  8 hobgoblins
  4 jackals (D:2)
  5 quokkas
  5 bats
  5 frilled lizards
  9 goblins
  3 kobolds
  7 rats
206 creatures vanquished.

Vanquished Creatures (others)
  A bullfrog (D:7)
  15 fungi (D:5)
16 creatures vanquished.

Grand Total: 222 creatures vanquished

Notes
Turn   | Place    | Note
-------+----------+-------------------------------------------
     0 | D:1      | PhantomBowie the Minotaur Fighter began the quest for the
                  | Orb.
     0 | D:1      | Reached XP level 1. HP: 19/19 MP: 0/0
   239 | D:1      | Reached XP level 2. HP: 27/27 MP: 1/1
   508 | D:1      | Found a faded altar of an unknown god.
   902 | D:2      | Reached XP level 3. HP: 33/33 MP: 2/2
  1228 | D:2      | Reached XP level 4. HP: 30/41 MP: 3/3
  2012 | D:3      | Paralysed by an orc for 5 turns
  2395 | D:4      | Found a runed translucent gate.
  2395 | D:4      | Found a runed translucent gate.
  2397 | D:4      | Found an opulent altar of Gozag.
  2399 | D:4      | Found a runed translucent gate.
  2400 | D:4      | Noticed 0gre's ghost (amateur GnIE)
  2400 | D:4      | Noticed an ice beast
  2401 | D:4      | Noticed a sky beast
  2406 | D:4      | Noticed Eustachio
  2420 | D:4      | Reached XP level 5. HP: 24/47 MP: 4/4
  2430 | D:4      | Killed Eustachio
  2431 | D:4      | Reached skill level 5 in Fighting
  2431 | D:4      | Reached skill level 5 in Armour
  2431 | D:4      | Reached skill level 5 in Shields
  2431 | D:4      | Reached XP level 6. HP: 22/56 MP: 5/5
  2798 | D:4      | Noticed Blork the orc
  2813 | D:4      | Killed Blork the orc
  2923 | D:4      | Noticed Edmund
  3088 | D:4      | Killed Edmund
  3089 | D:4      | Reached skill level 5 in Maces & Flails
  3089 | D:4      | Reached XP level 7. HP: 25/62 MP: 6/6
  3125 | D:4      | Noticed Pikel
  3298 | D:3      | Killed Pikel
  3299 | D:3      | Reached XP level 8. HP: 18/71 MP: 7/7
  3606 | D:4      | Found Joxaleu's Armour Shop.
  3661 | D:4      | Found an opulent altar of Gozag.
  3790 | D:5      | Entered Level 5 of the Dungeon
  4305 | D:5      | Found Petsut's Weapon Shoppe.
  4331 | D:5      | Found Wozxajua's Antique Weapon Emporium.
  4453 | D:5      | Found Gathrehu's Distillery.
  4458 | D:5      | Bought a potion of curing for 36 gold pieces
  4458 | D:5      | Bought a potion of curing for 36 gold pieces
  4458 | D:5      | Bought a potion of heal wounds for 60 gold pieces
  4458 | D:5      | Bought 2 potions of heal wounds for 120 gold pieces
  5150 | D:6      | Reached XP level 9. HP: 81/81 MP: 8/8
  5223 | D:6      | Noticed Prince Ribbit
  5247 | D:6      | Killed Prince Ribbit
  5256 | D:6      | Noticed a two-headed ogre
  5506 | D:6      | Found a shimmering blue altar of Sif Muna.
  5579 | D:6      | Found a radiant altar of Vehumet.
  5707 | D:6      | Noticed Dowan
  5713 | D:6      | Killed Dowan
  5715 | D:6      | Noticed Duvessa
  5729 | D:6      | Killed Duvessa
  5995 | D:6      | Killed a two-headed ogre
  5996 | D:6      | Reached skill level 1 in Evocations
  6128 | D:6      | Found a staircase to the Ecumenical Temple.
  6133 | Temple   | Entered the Ecumenical Temple
  6207 | Temple   | Became a worshipper of Warmaster Okawaru
  6530 | D:7      | Noticed a cyclops
  6539 | D:7      | Killed a cyclops
  6540 | D:7      | Reached XP level 10. HP: 84/91 MP: 9/9
  7040 | D:7      | Reached * piety under Okawaru
  7076 | D:7      | Found a shimmering altar of Xom.
  8171 | D:8      | Reached ** piety under Okawaru
  8342 | D:8      | Noticed Maurice
  8383 | D:8      | Killed Maurice
  8664 | D:8      | Reached skill level 10 in Armour
  8862 | D:8      | Found Cerirequi's Assorted Antiques.
  8878 | D:8      | Reached skill level 10 in Fighting
  8878 | D:8      | Reached skill level 10 in Shields
  8936 | D:8      | Noticed a two-headed ogre
  8944 | D:8      | Killed a two-headed ogre
  9221 | D:9      | Noticed a two-headed ogre
  9245 | D:9      | Killed a two-headed ogre
  9245 | D:9      | Reached *** piety under Okawaru
  9246 | D:9      | Reached skill level 10 in Maces & Flails
  9577 | D:9      | Reached XP level 11. HP: 81/101 MP: 10/10
  9710 | D:9      | Found a staircase to the Orcish Mines.
  9967 | D:9      | Noticed a two-headed ogre
  9973 | D:9      | Killed a two-headed ogre
  9973 | D:9      | Reached **** piety under Okawaru
  9977 | D:9      | Noticed a two-headed ogre
  9983 | D:9      | Killed a two-headed ogre
 10331 | D:9      | Found a bloodstained altar of Trog.
 10332 | D:9      | Found a glowing golden altar of the Shining One.
 10332 | D:9      | Found a broken altar of Ashenzari.
 10334 | D:9      | Found an ornate altar of the Wu Jian Council.
 10343 | D:9      | Reached skill level 5 in Evocations
 10571 | D:9      | Noticed a centaur warrior
 10837 | D:9      | Killed a centaur warrior
 10837 | D:9      | Reached ***** piety under Okawaru
 10870 | D:9      | Noticed a brown ugly thing
 10901 | D:9      | Killed a brown ugly thing
 11062 | D:9      | Paralysed by an orc wizard for 3 turns
 11076 | D:9      | Noticed a catoblepas
 11108 | D:9      | HP: 5/102 [catoblepas (3)]
 11109 | D:9      | Mangled by a troll

Illustrated notes

Levels and vault maps discovered:
D:1:      sevenhm_arrival_forest_fort_large_2, layout_rooms,
          shapermc_ecumenical_altar_mp_highgroup, dreamdust_princess_bridge,
          nicolae_kite_square_tiling_tiny
D:2:      layout_rooms
D:3:      layout_rooms
D:4:      layout_rooms, grunt_gozag_statues, serial_shops,
          nicolae_shop_temple_entry_statues_fountains, ebering_ghost_gozag,
          uniq_eustachio, uniq_blork_the_orc, uniq_edmund, uniq_pikel
D:5:      layout_loops_ring, serial_aquarium, aquarium_bridge_long_joined
          [aquarium_subvault_bridge, aquarium_subvault_window,
          aquarium_subvault_bridge, aquarium_subvault_balcony,
          aquarium_subvault_window, aquarium_subvault_balcony],
          aquarium_window_corridor_1, aquarium_window_corner, aquarium_view_2c,
          aquarium_balcony_1b, serial_shops, nicolae_lakefront_shop,
          nicolae_shop_crystal, kennysheep_little_box, grunt_decor_junction,
          minmay_tree_intersection
D:6:      layout_cave_pools, vehumet_altar_wand_db,
          mainiacjoe_overflow_concentric_impassable, minmay_temple_entry_ruins,
          minmay_diced_spiral, uniq_duvessa, uniq_prince_ribbit1
D:7:      layout_layer_cave, xom_confusion_cloud
D:8:      layout_gridville, enter_bailey_3, serial_shops, shop,
          nrook_mini_backslash, uniq_maurice
D:9:      minmay_quarter_circles, layout_basic, grunt_temple_overflow_open
Temple:   jpeg_temple_clearing

Skill      XL: |  1  2  3  4  5  6  7  8  9 10 11 |
---------------+----------------------------------+-----
Armour         | 4 5 6 7 9 10 11 | 11.0
Fighting       | 4 5 6 7 9 10 11 | 11.0
Maces & Flails | 3 4 5 6 7 8 10 | 10.8
Shields        | 4 5 6 7 9 10 11 | 11.0
Evocations     | 2 4 5 |  5.1
Throwing       | |  0.6

Action                   |  1- 3 |  4- 6 |  7- 9 | 10-12 || total
-------------------------+-------+-------+-------+-------++-------
Melee: Flail             |    88 |   129 |   200 |   284 ||   701
       Headbutt          |     8 |    18 |    41 |    51 ||   118
Throw: Dart              |       |       |       |     3 ||     3
Evoke: Wand              |       |       |     4 |    12 ||    16
  Use: Potion            |       |       |     1 |       ||     1
       Scroll            |       |       |     1 |       ||     1
Armor: Scale mail        |    34 |    39 |       |       ||    73
       Chain mail        |       |       |    96 |    81 ||   177
       Plate armour      |       |       |       |    57 ||    57
Dodge: Dodged            |    31 |    61 |    82 |    75 ||   249
Block: Buckler           |    19 |    33 |    50 |    63 ||   165
